 Dungeon Crawl Stone Soup version 0.25.0-11-g1f837a76a1 (webtiles) character file.

Game seed: 10827959098630749354

11 MisterFreud the Shield-Bearer (level 2, -1/24 HPs)
             Began as a Formicid Fighter on June 27, 2020.
             Slain by a gnoll
             ... wielding a +0 spear
              (7 damage)
             ... on level 4 of the Dungeon.
             The game lasted 00:00:47 (163 turns).

MisterFreud the Shield-Bearer (Formicid Fighter)     Turns: 163, Time: 00:00:47

Health: -1/24      AC:  6    Str: 20    XL:     2   Next: 35%
Magic:  2/2        EV:  8    Int:  7    God:
Gold:   0          SH:  9    Dex: 10    Spells: 1/1 levels left

rFire    . . .     SeeInvis +   a - +0 quarterstaff
rCold    . . .     Gourm    .   c - +0 kite shield
rNeg     . . .     Faith    .   b - +0 scale mail
rPois    .         Spirit   .   (helmet unavailable)
rElec    .         Reflect  .   (no cloak)
rCorr    .         Harm     .   (no gloves)
MR       .....                  (no boots)
Stlth    ..........             (no amulet)
HPRegen  0.08/turn              (no ring)
MPRegen  0.08/turn              (no ring)

@: no status effects
A: permanent stasis, dig shafts and tunnels, four strong arms, antennae 3
a: Dig, Shaft Self


You were on level 4 of the Dungeon.
You were not hungry.

You visited 1 branch of the dungeon, and saw 3 of its levels.

Inventory:

Hand Weapons
 a - a +0 quarterstaff (weapon)
Armour
 b - a +0 scale mail (worn)
 c - a +0 kite shield (worn)
Scrolls
 e - a scroll of teleportation {unknown}
 g - a scroll of identify {unknown}
 h - a scroll of amnesia {unknown}
Potions
 d - a potion of might
Comestibles
 f - 2 rations


   Skills:
 + Level 3.4 Fighting
 + Level 2.1 Staves
 + Level 3.5 Armour
 + Level 3.9 Shields


You had one spell level left.
You didn't know any spells.
Your spell library was empty.

Dungeon Overview and Level Annotations

Branches:
Dungeon (2/15)

Altars:
Ashenzari
Hepliaklqana
Sif Muna


Innate Abilities, Weirdness & Mutations

You cannot be hasted, slowed, berserked, paralysed or teleported.
You can dig through walls and to a lower floor.
Your four strong arms can wield two-handed weapons with a shield.
You have a pair of large antennae on your head. (SInv)


Message History

The orc priest shouts!
You hear a shout!
An orc comes into view.
It is wielding a +2 flail of holy wrath.
The orc priest moves out of view.
You hear a shout!
You block the gnoll's attack. You block the gnoll's attack.
You hit the gnoll but do no damage. The gnoll hits you but does no damage.
Your shield prevents you from hitting the gnoll.
The leopard gecko skeleton bites you but does no damage.
The gnoll hits you but does no damage.
You barely miss the gnoll. The leopard gecko skeleton bites you.
The gnoll hits you but does no damage. The gnoll barely misses you.
The orc priest calls down the wrath of Beogh upon you.
Beogh smites you!
Ouch! That really hurt!
* * * LOW HITPOINT WARNING * * *
You barely miss the gnoll. The gnoll hits you but does no damage.
The gnoll hits you with a +0 spear!
You die...

#.g# #.#.. #
#..####.####.# {
#..#...o{..#.###
#....##.##......
#..#{..{.a.#.##
#.......{.o..#
#.##.#.###o###
#.......##g#
#....#..##@#
###........#
###........#
#.........## P
###.#.....# ..
#.#.....# ..
#.####### .. #.#
#.#######.# ###


You could see a worker ant, an orc priest, a gnoll and an orc.

Vanquished Creatures
  A leopard gecko (D:4)
  A bat (D:2)
  A giant cockroach (D:2)
  A goblin (D:2)
  3 hobgoblins (D:2)
  A frilled lizard (D:4)
8 creatures vanquished.

Notes
Turn   | Place    | Note
-------+----------+-------------------------------------------
     0 | D:1      | MisterFreud the Formicid Fighter began the quest for the
                  | Orb.
     0 | D:1      | Reached XP level 1. HP: 18/18 MP: 1/1
    21 | D:1      | You fall into a shaft and drop 1 floor!
    50 | D:2      | Reached XP level 2. HP: 15/24 MP: 2/2
    58 | D:2      | You fall into a shaft and drop 2 floors!
   116 | D:4      | Found a shattered altar of Ashenzari.
   128 | D:4      | Found a shimmering blue altar of Sif Muna.
   128 | D:4      | Found a hazy altar of Hepliaklqana.
   163 | D:4      | Slain by a gnoll

Illustrated notes

Levels and vault maps discovered:
D:1:      minmay_arrival_open_corners, layout_rooms, serial_corexii_hall,
          corexii_hall_statues_s, corexii_hall_statues_u,
          chequers_hall_statues_y
D:2:      layout_rooms, uniq_natasha
D:4:      layout_loops_cross, elyvilon_altar_3,
          chequers_temple_overflow_statue_of_worship, minmay_between,
          uniq_crazy_yiuf_cottage

Action                   || total
-------------------------++-------
Melee: Quarterstaff      ||    40
 Abil: Shaft Self        ||     2
       Dig               ||     1
Armor: Scale mail        ||    14
Dodge: Dodged            ||    17
Block: Kite shield       ||    20
